 Dungeon Crawl Stone Soup version 0.28-a0-511-gcc94558de3 (webtiles) character file.

Game seed: 10276453139017133889

2881 Rennog the Thaumaturge (level 9, 0/40 HPs)
             Began as a Deep Elf Fire Elementalist on Sept 22, 2021.
             Was a High Priest of Jiyva.
             Slain by a centaur zombie (1 damage)
             ... on level 8 of the Dungeon.
             The game lasted 00:14:19 (6684 turns).

Rennog the Thaumaturge (Deep Elf Fire Elementalist) Turns: 6684, Time: 00:14:20

Health: 0/40       AC:  2    Str:  5    XL:     9   Next: 48%
Magic:  25/26      EV:  8    Int: 31    God:    Jiyva [*****.]
Gold:   159        SH:  0    Dex: 15    Spells: 20/30 levels left

rFire   . . .      SeeInvis .   i - +8 whip "Deyh" {flame, Will- Int+7}
rCold   . . .      Faith    .   (no shield)
rNeg    . . .      Spirit   .   a - +0 robe
rPois   .          Reflect  .   (no helmet)
rElec   .          Harm     .   (no cloak)
rCorr   +          Rampage  .   (no gloves)
Will    .....                   (no boots)
Stlth   ++........              (no amulet)
HPRegen 0.13/turn               (no ring)
MPRegen 0.20/turn               (no ring)

@: held
A: agile 1, frail 1, sense surroundings 1, weak 1
a: Renounce Religion, Request Jelly, Slimify, Cure Bad Mutation


You were on level 8 of the Dungeon.
You worshipped Jiyva.
Jiyva was extremely pleased with you.
You visited 1 branch of the dungeon, and saw 8 of its levels.

You collected 159 gold pieces.

Inventory:

Hand Weapons
 i - the +8 whip "Deyh" (weapon) {flame, Will- Int+7}
   (You found it on level 6 of the Dungeon)

   It burns those it strikes, dealing additional fire damage.
   Int:       It affects your intelligence (+7).
   Will:      It decreases your willpower.
Armour
 a - a +0 robe (worn)
Jewellery
 k - an amulet of guardian spirit
Wands
 g - a wand of flame (40)
Scrolls
 d - a scroll of enchant armour {unknown}
 f - 4 scrolls of identify {unknown}
 m - a scroll of noise {unknown}
Potions
 c - 2 potions of flight {unknown}
 e - a potion of lignification {unknown}
 n - 2 potions of might {unknown}


   Skills:
 + Level 7.4 Dodging
 - Level 2.4 Stealth
 * Level 11.2 Spellcasting
 + Level 6.4 Conjurations
 + Level 7.2 Fire Magic


You had 20 spell levels left.
You knew the following spells:

 Your Spells              Type           Power      Damage    Failure   Level
a - Foxfire               Conj/Fire      100%       2x1d9     1%          1
b - Scorch                Fire           100%       2d10      1%          2
c - Conjure Flame         Conj/Fire      56%        6-21      1%          3
d - Flame Wave            Conj/Fire      56%        3d10      1%          4

Your spell library contained the following spells:

 Spells                   Type           Power      Damage    Failure   Level
 Inner Flame              Hex/Fire       39%        N/A       1%          3
 Dazzling Flash           Conj/Hex       74%        N/A       2%          3
 Agony                    Necr           17%        N/A       63%         5
 Silence                  Hex/Air        8%         N/A       63%         5


Dungeon Overview and Level Annotations

Branches:
Dungeon (8/15)             Temple (0/1) D:4
   Lair: D:8-11

Altars:
Elyvilon
Hepliaklqana
Okawaru
Ru
Trog
Wu Jian
Xom
Jiyva

Shops:
D:1 :*(?   D:4 *

Annotations:
D:8 Gastronok, Harold


Innate Abilities, Weirdness & Mutations

You are agile. (Dex +2)
You are frail. (-10% HP)
You passively map a small area around you.
You are weak. (Str -2)


Message History

The centaur zombie kicks you but does no damage.
Your surroundings seem slightly different.
The wight hits the jelly with a +2 trident!
The wight is burned by acid!
Harold throws a throwing net.
The throwing net hits you.
You become entangled in the net!
Gastronok mumbles some strange words.
Gastronok puts on a burst of speed!
The jelly completely misses the wight.
You see here a throwing net.
As you read the scroll labelled SYAFUTREOPA, it crumbles to dust.
It is a scroll of enchant weapon.
You aren't carrying any weapons that can be enchanted.
The wight hits the jelly with a +2 trident!
The jelly dies!
The centaur zombie hits you.
* * * LOW HITPOINT WARNING * * *
The centaur zombie closely misses you.
Harold hits the jelly with a +2 vorpal broad axe!
Harold is burned by acid!
Gastronok gurgles.
The centaur zombie hits you.
* * * LOW HITPOINT WARNING * * *
The centaur zombie kicks you.
* * * LOW HITPOINT WARNING * * *
You feel better.
Harold hits the jelly with a +2 vorpal broad axe!
The jelly dies!
The centaur zombie hits you.
* * * LOW HITPOINT WARNING * * *
The centaur zombie barely misses you.
As you read the scroll labelled YNAVUODYMI, it crumbles to dust.
You assume a fearsome visage.
The jelly looks frightened!
The jelly quivers.
Gastronok looks frightened!
Harold looks frightened!
The wight is unaffected.
The centaur zombie is unaffected.
It was a scroll of fear.
The jelly trembles before you. The centaur zombie hits you.
* * * LOW HITPOINT WARNING * * *
The centaur zombie kicks you.
You die...

, #.# , , #@# *, * *
#.# , ..######.#
.........# * #.#####..#
#. #..@..# * *
#.##.##.## #..@Zz..# *
,###...######
.##.J........#
..........##.######## ,
* ..#.....w.......<...#
,
#...###...........###.#
#...# #........##.# , ,
#...# #####....##.#
#...#######.##J##>#


You could see Gastronok (swift, fleeing), Harold (fleeing), a wight, a centaur
zombie and a neutral jelly (fleeing) (fellow slime).

Vanquished Creatures
  Grinder (D:5)
  A wyvern (D:7)
  Menkaure (D:4)
  An acid dragon (D:8)
  2 water moccasins
  Duvessa (D:5)
  An orc warrior (D:7)
  An ice beast (D:6)
  A black bear (D:5)
  A sky beast (D:7)
  A necrophage (D:5)
  2 phantoms
  A centaur (D:6)
  2 kobold brigands
  Dowan (D:5)
  A scorpion (D:6)
  2 water moccasin skeletons
  8 wights
  2 centaur skeletons
  A gnoll shaman (D:5)
  6 hounds
  A bullfrog skeleton (D:5)
  Ijyb (D:5)
  8 orc wizards
  6 adders
  2 shadow imps
  2 white imps
  A worm (D:3)
  2 dart slugs
  11 orcs
  7 ball pythons
  2 endoplasms (D:1)
  8 giant cockroaches
  4 goblins
  4 hobgoblins
  3 jackals
  A quokka (D:1)
  A bat (D:3)
  2 frilled lizards (D:1)
  11 kobolds
  A rat (D:1)
116 creatures vanquished.

Vanquished Creatures (others)
  Sigmund (D:2)
  A black bear (D:4)
  An ogre (D:4)
  A scorpion (D:5)
  2 hounds
  14 jellies
  An orc priest (D:4)
  An iguana (D:4)
  2 orc wizards (D:3)
  A howler monkey skeleton (D:4)
  2 adders
  A white imp (D:4)
  2 ufetubi
  2 dart slugs
  11 orcs
  2 bats
  2 endoplasms
  3 goblins
  4 hobgoblins (D:4)
  6 jackals
  2 quokkas
  4 ball pythons
  A frilled lizard (D:2)
  6 kobolds
  6 rats
  2 bushes (D:8)
  420 foxfires
  3 fungi (D:8)
  18 plants
522 creatures vanquished.

Grand Total: 638 creatures vanquished

Notes
Turn   | Place    | Note
-------+----------+-------------------------------------------
     0 | D:1      | Rennog the Deep Elf Fire Elementalist began the quest for
                  | the Orb.
     0 | D:1      | Reached XP level 1. HP: 10/10 MP: 6/6
   321 | D:1      | Reached XP level 2. HP: 15/15 MP: 2/8
   392 | D:1      | Found a faded altar of an unknown god.
   414 | D:1      | Became a worshipper of Jiyva Jisheu the Shapeless
   414 | D:1      | Reached * piety under Jiyva
   422 | D:1      | Found Jeazaf's Magic Scroll Boutique.
   503 | D:1      | Found Inaen's Antique Weapon Emporium.
   684 | D:1      | Reached ** piety under Jiyva
   739 | D:1      | Learned a level 2 spell: Scorch
   880 | D:1      | Found Vuihem's Book Shop.
   885 | D:1      | Found Iloetror's Assorted Antiques.
  1474 | D:2      | Reached skill level 4 in Spellcasting
  1474 | D:2      | Reached XP level 3. HP: 19/19 MP: 4/10
  1799 | D:2      | Killed Sigmund
  2330 | D:3      | Reached XP level 4. HP: 24/24 MP: 1/12
  3129 | D:4      | Reached *** piety under Jiyva
  3166 | D:4      | Noticed Menkaure
  3173 | D:4      | Killed Menkaure
  3174 | D:4      | Reached skill level 5 in Spellcasting
  3174 | D:4      | Reached XP level 5. HP: 15/28 MP: 4/15
  3176 | D:4      | Found a staircase to the Ecumenical Temple.
  3186 | D:4      | Learned a level 3 spell: Conjure Flame
  3190 | D:4      | Gained mutation: You passively map a small area around you.
                  | [Jiyva's grace]
  3267 | D:4      | Killed a black bear
  3633 | D:4      | Noticed a phantom
  3637 | D:4      | Found Sabad's General Store.
  3638 | D:4      | Noticed an ogre
  3817 | D:4      | Killed an ogre
  3920 | D:4      | Killed a phantom
  3921 | D:4      | Reached skill level 6 in Spellcasting
  3921 | D:4      | Reached XP level 6. HP: 32/32 MP: 9/17
  4037 | D:5      | Entered Level 5 of the Dungeon
  4172 | D:5      | Reached **** piety under Jiyva
  4175 | D:5      | Noticed Ijyb
  4178 | D:5      | Gained mutation: You are frail. (-10% HP) [Jiyva's grace]
  4179 | D:5      | Killed Ijyb
  4237 | D:5      | Reached skill level 7 in Spellcasting
  4237 | D:5      | Reached XP level 7. HP: 27/32 MP: 11/19
  4384 | D:5      | Noticed Duvessa
  4394 | D:5      | Noticed Dowan
  4397 | D:5      | Killed Duvessa
  4398 | D:5      | Reached skill level 5 in Fire Magic
  4405 | D:5      | Killed Dowan
  4406 | D:5      | Reached skill level 5 in Dodging
  4555 | D:5      | Noticed Grinder
  4568 | D:5      | Killed Grinder
  4569 | D:5      | Reached skill level 8 in Spellcasting
  4569 | D:5      | Reached XP level 8. HP: 36/36 MP: 7/22
  4748 | D:5      | Learned a level 4 spell: Flame Wave
  4755 | D:5      | You fall into a shaft and drop 1 floor!
  4792 | D:6      | Identified the +8 whip "Deyh" {flame, Will- Int+7}
  4991 | D:6      | Found a hazy altar of Hepliaklqana.
  4991 | D:6      | Found a white marble altar of Elyvilon.
  5187 | D:6      | Reached skill level 5 in Conjurations
  5202 | D:6      | Reached skill level 9 in Spellcasting
  5339 | D:6      | Gained mutation: You are weak. (Str -2) [Jiyva's grace]
  5629 | D:7      | Found a sacrificial altar of Ru.
  5655 | D:7      | Found Foptary's Antique Weapon Boutique.
  5727 | D:7      | Reached skill level 10 in Spellcasting
  5852 | D:7      | Found an ornate altar of the Wu Jian Council.
  5879 | D:7      | Reached XP level 9. HP: 27/40 MP: 14/25
  5936 | D:7      | Found an iron altar of Okawaru.
  6330 | D:7      | Reached ***** piety under Jiyva
  6357 | D:7      | Gained mutation: You are agile. (Dex +2) [Jiyva's grace]
  6441 | D:7      | Found a bloodstained altar of Trog.
  6446 | D:7      | Found a shimmering altar of Xom.
  6565 | D:8      | Noticed Gastronok
  6600 | D:8      | Reached skill level 11 in Spellcasting
  6644 | D:8      | Noticed Harold
  6682 | D:8      | HP: 1/40 [centaur zombie (2)]
  6684 | D:8      | Slain by a centaur zombie

Illustrated notes

Levels and vault maps discovered:
D:1:      nicolae_arrival_somewhat_less_tricky_arrival, layout_basic,
          hellmonk_ecumenical_altar_crossroads, serial_shops, shop,
          nicolae_shop_behind_doors, shop, shop, corexii_hall_statues_x,
          minmay_misc_feat_pillars
D:2:      layout_basic, minmay_worlds_worst_comb, uniq_sigmund
D:3:      layout_basic
D:4:      corexii_shack_village, layout_gridville,
          minmay_temple_entry_crystal_x, serial_shops, nicolae_lakefront_shop,
          uniq_menkaure
D:5:      layout_loops_ring, gammafunk_temple_overflow_elements,
          minmay_chambers_of_fives, uniq_grinder, uniq_duvessa, uniq_ijyb
D:6:      layout_gridville, mainiacjoe_overflow_divided_tiny
D:7:      layout_cave_pools, okawaru_trees_1, nicolae_overflow_crystal_walls,
          mainiacjoe_overflow_big_doors, nicolae_ru_awakened_eye, serial_shops,
          nicolae_shop_crystal, minmay_a_box_with_orc_wizards_in_it
D:8:      layout_loops_cross, minmay_lair_entry_grove, the_hattery,
          uniq_gastronok, uniq_pikel, uniq_harold, uniq_maggie

Skill      XL: |  1  2  3  4  5  6  7  8  9 |
---------------+----------------------------+-----
Spellcasting   | 4 5 6 7 8 10 11 | 11.2
Dodging        | 3 4 5 6 7 |  7.4
Conjurations   | 2 3 4 5 6 |  6.4
Fire Magic     | 4 5 6 7 |  7.2
Stealth        | |  2.4

Action                   |  1- 3 |  4- 6 |  7- 9 || total
-------------------------+-------+-------+-------++-------
Melee: Unarmed           |     3 |       |     1 ||     4
       Whip              |       |       |     3 ||     3
 Cast: Foxfire           |    82 |    43 |   131 ||   256
       Scorch            |    13 |    30 |    40 ||    83
       Flame Wave        |       |       |     3 ||     3
Invok: Request Jelly     |       |       |     1 ||     1
  Use: Scroll            |       |     1 |     3 ||     4
       Potion            |       |       |     3 ||     3
Armor: Robe              |     1 |     1 |    12 ||    14
Dodge: Dodged            |    10 |    15 |    34 ||    59

Table legend: (Time is in decaauts)
 A = Elapsed time spent in this place.
 B = Non-inter-level travel time spent in this place.
 C = Inter-level travel time spent in this place.
 D = Time resting spent in this place.
 E = Time spent auto-exploring this place.
 F = Levels seen in this place.
 G = Mean time per level.
                   A        B        C        D        E       F      G
               +--------+--------+--------+--------+--------+-----+--------+
         Total |   6684 |   5759 |    925 |    105 |   4894 |   8 |  835.5 |
       Dungeon |   6684 |   5759 |    925 |    105 |   4894 |   8 |  835.5 |
               +--------+--------+--------+--------+--------+-----+--------+

Top non-repeatable levels by time:
     D:1: 1422 daAuts
     D:4: 975 daAuts
     D:7: 914 daAuts
     D:2: 900 daAuts
     D:6: 864 daAuts
     D:3: 751 daAuts
     D:5: 705 daAuts
     D:8: 149 daAuts
